 Dungeon Crawl Stone Soup version 0.23.2-30-g0e89c35649 (webtiles) character file.

Game seed: 17380531420284123324

35 RudyRod the Skirmisher (level 3, -5/34 HPs)
             Began as a Naga Fighter on June 7, 2019.
             Slain by a phantom (7 damage)
             ... on level 2 of the Dungeon.
             The game lasted 00:06:05 (1743 turns).

RudyRod the Skirmisher (Naga Fighter)               Turns: 1743, Time: 00:06:06

Health: -5/34      AC:  4    Str: 24    XL:     3   Next: 33%
Magic:  3/3        EV:  5    Int:  6    God:
Gold:   45         SH:  9    Dex: 10    Spells: 2/2 levels left

rFire    . . .     SeeInvis +   a - +0 long sword
rCold    + . .     Gourm    .   c - +0 shield
rNeg     . . .     Faith    +   b - +0 scale mail
rPois    +         Spirit   .   (no helmet)
rElec    .         Reflect  .   (no cloak)
rCorr    .         Harm     .   (no gloves)
MR       .....                  (no barding)
Stlth    ..........             j - amulet of faith
HPRegen  0.11/turn              (no ring)
MPRegen  0.08/turn              (no ring)

@: mighty, very slow
A: large, see invisible, cold resistance 1, deformed body, dopey 1, poison
resistance, slowness 2, slow metabolism 1, spit poison 1, AC +1
a: Spit Poison


You were on level 2 of the Dungeon.
You were near starving.

You visited 1 branch of the dungeon, and saw 2 of its levels.

You collected 45 gold pieces.

Inventory:

Hand Weapons
 a - a +0 long sword (weapon)
Armour
 b - a +0 scale mail (worn)
 c - a +0 shield (worn)
Jewellery
 j - an amulet of faith (around neck)
Scrolls
 e - 3 scrolls of teleportation
 k - a scroll of amnesia
 l - 2 scrolls of identify
 n - a scroll of magic mapping
Comestibles
 f - 5 rations


   Skills:
 * Level 3.5 Fighting
 + Level 2.1 Long Blades
 + Level 2.6 Armour
 * Level 0.3 Dodging
 * Level 0.4 Stealth
 + Level 2.8 Shields


You had 2 spell levels left.
You didn't know any spells.
Your spell library was empty.

Dungeon Overview and Level Annotations

Branches:
Dungeon (2/15)

Altars:


Innate Abilities, Weirdness & Mutations

You cannot wear boots.
Your serpentine skin is tough. (AC +1)
You have supernaturally acute eyesight. (SInv)
Armour fits poorly on your strangely shaped body.
Your system is resistant to poisons. (rPois)
You cover ground very slowly.
You have a slow metabolism.
You can spit poison.
Your flesh is cold resistant. (rC+)
You are dopey. (Int -2)


Message History

It was a potion of curing.
You feel better.
The phantom hits you but does no damage.
You feel very mighty all of a sudden. The phantom hits you.
* * * LOW HITPOINT WARNING * * *
The phantom blinks!
The phantom hits you but does no damage.
You slash the phantom!
The phantom is moderately damaged.
The phantom hits you but does no damage.
You barely miss the phantom.
The phantom is moderately damaged.
The phantom hits you.
* * * LOW HITPOINT WARNING * * *
The phantom hits you.
* * * LOW HITPOINT WARNING * * *
You barely miss the phantom.
The phantom is moderately damaged.
The phantom hits you!
You die...

*,#.# *,#.# *,#.# *,#.#
**********,#.# *******
****,,,,,,,,,,#.# *,,,,,*
*,,,,,#########.# *,,,,,*
*,,,,,#......##.#####,,,,,**####
*,,,,,+......'.@W...+,,,,,+,....
*,,,,,#......##.....#,,,,,**.###
****,,#.......#.....#,,,,,**,* #
*,,#.#####.#.....###*****,**#
*,,#,* #<#.###....,* *,*..
*,,#.#####.#.###.(...****,#..
*,,........#.#.....!.,,,,....
*,>.......(...W......****..##
*,,........#.#.....##****..#


You could see a phantom.

Vanquished Creatures
  A leopard gecko (D:1)
  A ball python (D:1)
  A giant cockroach (D:1)
  2 goblins (D:1)
  6 hobgoblins (D:1)
  3 jackals
  5 bats (D:1)
  4 frilled lizards
  3 kobolds
  7 rats
33 creatures vanquished.

Notes
Turn   | Place    | Note
-------+----------+-------------------------------------------
     0 | D:1      | RudyRod the Naga Fighter began the quest for the Orb.
     0 | D:1      | Reached XP level 1. HP: 21/21 MP: 1/1
   162 | D:1      | Reached XP level 2. HP: 25/28 MP: 2/2
   862 | D:2      | Reached XP level 3. HP: 34/34 MP: 3/3
  1226 | D:2      | Noticed a phantom
  1678 | D:2      | Gained mutation: You are dopey. (Int -2) [potion of
                  | mutation]
  1678 | D:2      | Gained mutation: Your flesh is cold resistant. (rC+)
                  | [potion of mutation]
  1743 | D:2      | Slain by a phantom

Action                   || total
-------------------------++-------
Melee: Long sword        ||   102
 Abil: Spit Poison       ||    12
  Use: Scroll            ||     7
       Potion            ||     4
  Eat: Chunk             ||     1
Armor: Scale mail        ||    46
Dodge: Dodged            ||    25
Block: Shield            ||    58
       Rpst.: Long sword ||     8
